 Dungeon Crawl Stone Soup version 0.28.0 (webtiles) character file.

Game seed: 6746006352050921592

2689 Ijustatesigmund the Fighter (level 9, -11/60 HPs)
             Began as a Gargoyle Fighter on Feb 9, 2022.
             Was an Initiate of Cheibriados.
             Mangled by a lorocyproca (25 damage)
             ... on level 1 of the Abyss on Feb 10, 2022.
             The game lasted 00:16:15 (9217 turns).

Ijustatesigmund the Fighter (Gargoyle Fighter)      Turns: 9217, Time: 00:16:16

Health: -11/60     AC: 18    Str: 24    XL:     9   Next: 64%
Magic:  0/10       EV: 11    Int: 11    God:    Cheibriados [......]
Gold:   273        SH:  9    Dex: 10    Spells: 8/8 levels left

rFire   . . .      SeeInvis +   h - +3 mace
rCold   . . .      Faith    .   c - +0 kite shield
rNeg    + . .      Spirit   .   b - +0 chain mail
rPois   ∞          Reflect  .   (no helmet)
rElec   +          Harm     .   q - scarf {repulsion}
rCorr   .          Rampage  .   t - +0 pair of gloves
Will    +....                   m - +0 pair of boots
Stlth   ..........              (no amulet)
HPRegen 0.20/turn               i - +4 ring of evasion
MPRegen 0.12/turn               f - ring of willpower

@: about to teleport, repel missiles, very slow
A: sickness immunity, AC +6, negative energy resistance 1, electricity
resistance, torment resistance 1, petrification resistance, claws 1, see
invisible
a: Renounce Religion


You were on level 1 of the Abyss.
You worshipped Cheibriados.
Cheibriados was noncommittal.
You visited 2 branches of the dungeon, and saw 8 of its levels.
You visited the Abyss 1 time.

You collected 273 gold pieces.

Inventory:

Hand Weapons
 a - a +0 flail of chaos
 h - a +3 mace (weapon)
Missiles
 j - 2 throwing nets (quivered)
Armour
 b - a +0 chain mail (worn)
 c - a +0 kite shield (worn)
 m - a +0 pair of boots (worn)
 q - a scarf of repulsion (worn)
 t - a +0 pair of gloves (worn)
Jewellery
 f - a ring of willpower (right hand)
 i - a +4 ring of evasion (left hand)
 r - an amulet of magic regeneration
Wands
 o - a wand of polymorph (1)
Scrolls
 d - a scroll of identify
 g - a scroll of summoning
Potions
 k - 6 potions of brilliance
 l - 3 potions of mutation
 p - 5 potions of flight
 u - a potion of attraction


   Skills:
 + Level 8.7 Fighting
 + Level 8.5 Maces & Flails
 - Level 5.5 Armour
 + Level 1.2 Dodging
 - Level 5.9 Shields
 + Level 1.7 Invocations


You had 8 spell levels left.
You didn't know any spells.
Your spell library contained the following spells:

 Spells                   Type           Power      Damage    Failure   Level
 Frozen Ramparts          Ice            0%         1d2       100%        3
 Ozocubu's Armour         Ice            0%         N/A       100%        3
 Ice Form                 Ice/Tmut       0%         N/A       100%        4
 Summon Ice Beast         Ice/Summ       0%         N/A       100%        4
 Ozocubu's Refrigeration  Ice            0%         4d5       100%        7


Dungeon Overview and Level Annotations

Branches:
Dungeon (7/15)             Temple (1/1) D:4

Altars:
Ashenzari
Cheibriados
Elyvilon
Fedhas
Gozag
Hepliaklqana
Makhleb
Nemelex Xobeh
Okawaru
Qazlal
Ru
Trog
Uskayaw
Wu Jian
Xom
Yredelemnul
Zin
The Shining One

Shops:
D:1 (   D:3 (   D:6 (


Innate Abilities, Weirdness & Mutations

You are immune to sickness and miasma.
Your stone body is resilient. (AC +6)
You are immune to poison.
You resist negative energy. (rN+)
You are resistant to electric shocks. (rElec)
You are resistant to unholy torment.
You are immune to petrification.
You have sharp fingernails.
You have supernaturally acute eyesight. (SInv)


Message History

The thrashing horror tramples you.
You stumble backwards!
You sock the thrashing horror!
The thrashing horror is heavily damaged.
The thrashing horror tramples you but does no damage.
You block the thrashing horror's attack.
The thrashing horror tramples you.
You hold your ground!
You block the thrashing horror's attack.
You sock the thrashing horror!
The thrashing horror is severely damaged.
The thrashing horror churns violently!
The thrashing horror seems to grow stronger.
The thrashing horror closely misses you.
You block the thrashing horror's attack.
You hit the thrashing horror.
The thrashing horror is almost destroyed.
The thrashing horror misses you.
The thrashing horror tramples you but does no damage.
You thump the thrashing horror!
You destroy the thrashing horror!
That felt strangely unrewarding.
You start resting.
A lorocyproca comes into view.
The lorocyproca gives a chilling moan.
As you read the scroll of teleportation, it crumbles to dust.
You feel strangely unstable.
You feel the power of the Abyss delaying your translocation!
You feel better.
You start resting.
A lorocyproca is nearby!
You hit the lorocyproca.
The lorocyproca is lightly wounded.
The lorocyproca hits you.
You feel your power leaking away.
You hit the lorocyproca.
The lorocyproca is lightly wounded.
The lorocyproca hits you!!
Ouch! That really hurt!
* * * LOW HITPOINT WARNING * * *
You feel better. The lorocyproca hits you!!
You die...

# #.
#.##..........
#..# . .......
. .... . #. ..
.. ..... ...
.####.#......
...
##......... ..
# ##..# .. ...
# ##... . ....
#.2### . . #
#...#@# .. #
#...#### # #
#.. .. #. .#
.# ##


You could see a lorocyproca (invisible).

Vanquished Creatures
  A thrashing horror (Abyss:1)
  Prince Ribbit (D:6)
  A wyvern (D:5)
  Eustachio (D:6)
  2 water moccasins
  3 sky beasts
  Duvessa (D:4)
  A black bear (D:7)
  A necrophage (D:6)
  4 centaurs
  A phantom (D:6)
  Blork the orc (D:6)
  2 kobold brigands
  Dowan (D:4)
  A howler monkey (D:6)
  A centaur zombie (D:6)
  2 orc priests
  3 hounds
  A bullfrog skeleton (D:5)
  2 jellies
  A gnoll shaman (D:7)
  A centaur skeleton (D:6)
  Ijyb (D:4)
  2 iguanas
  2 orc wizards
  A killer bee zombie (D:7)
  12 gnolls
  A howler monkey skeleton (D:6)
  5 adders
  A shadow imp (D:6)
  An ufetubus (D:5)
  3 worms
  2 dart slugs (D:1)
  16 orcs
  7 endoplasms
  7 goblins
  6 hobgoblins
  13 kobolds
  4 quokkas
  3 ball pythons
  5 bats
  2 frilled lizards (D:2)
  6 rats
133 creatures vanquished.

Vanquished Creatures (collateral kills)
  A hound (D:7)
1 creature vanquished.

Vanquished Creatures (others)
  11 plants (D:2)
11 creatures vanquished.

Grand Total: 145 creatures vanquished

Notes
Turn   | Place    | Note
-------+----------+-------------------------------------------
     0 | D:1      | Ijustatesigmund the Gargoyle Fighter began the quest for
                  | the Orb.
     0 | D:1      | Reached XP level 1. HP: 14/14 MP: 1/1
    36 | D:1      | Found a faded altar of an unknown god.
   155 | D:1      | Found Pydyenou's Antique Weapon Emporium.
   373 | D:1      | Reached XP level 2. HP: 19/19 MP: 2/2
  1338 | D:2      | Reached XP level 3. HP: 13/24 MP: 3/3
  2571 | D:3      | Reached XP level 4. HP: 23/29 MP: 4/4
  3299 | D:3      | Reached XP level 5. HP: 34/34 MP: 5/5
  3405 | D:3      | Found a glowing silver altar of Zin.
  3405 | D:3      | Found an opulent altar of Gozag.
  3720 | D:3      | Found Neeteuph's Weapon Boutique.
  3948 | D:4      | Noticed Duvessa
  3948 | D:4      | Noticed Dowan
  4030 | D:4      | Noticed Ijyb
  4040 | D:4      | Killed Ijyb
  4155 | D:5      | Entered Level 5 of the Dungeon
  4170 | D:5      | Noticed a water moccasin
  4191 | D:5      | Killed a water moccasin
  4192 | D:5      | Reached skill level 5 in Fighting
  4192 | D:5      | Reached skill level 5 in Maces & Flails
  4192 | D:5      | Reached XP level 6. HP: 10/40 MP: 6/6
  4435 | D:5      | Noticed a sky beast
  4449 | D:5      | Killed a sky beast
  4879 | D:5      | Reached XP level 7. HP: 4/44 MP: 7/7
  4880 | D:5      | Gained mutation: You have supernaturally acute eyesight.
                  | (SInv) [potion of mutation]
  4880 | D:5      | Gained mutation: You have sharp fingernails. [potion of
                  | mutation]
  5113 | D:5      | Noticed a wyvern
  5113 | D:5      | an ogre changed into a wyvern
  5122 | D:5      | Killed a wyvern
  6080 | D:4      | Found a staircase to the Ecumenical Temple.
  6086 | Temple   | Entered the Ecumenical Temple
  6154 | D:4      | Killed Duvessa
  6155 | D:4      | Reached skill level 5 in Armour
  6155 | D:4      | Reached XP level 8. HP: 52/52 MP: 8/8
  6183 | D:4      | Found a blossoming altar of Fedhas.
  6186 | D:4      | Killed Dowan
  7156 | D:6      | Noticed Eustachio
  7182 | D:6      | Killed Eustachio
  7249 | D:6      | Found Ohex's Weapon Emporium.
  7268 | D:6      | Noticed Prince Ribbit
  7276 | D:6      | Noticed Blork the orc
  7292 | D:6      | Killed Blork the orc
  7295 | D:6      | Killed Prince Ribbit
  7453 | D:6      | Found a stormy altar of Qazlal.
  7645 | D:6      | Reached XP level 9. HP: 58/58 MP: 9/9
  7718 | D:6      | Reached skill level 5 in Shields
  7838 | D:6      | Found a burning altar of Makhleb.
  8265 | D:7      | Found a snail-covered altar of Cheibriados.
  8286 | D:7      | Became a worshipper of Cheibriados the Contemplative
  8464 | D:7      | Reached skill level 1 in Invocations
  8661 | D:7      | Reached skill level 1 in Dodging
  8913 | D:7      | Cast into level 1 of the Abyss (gnoll)
  9013 | Abyss:1  | Noticed a spatial maelstrom
  9144 | Abyss:1  | Noticed a thrashing horror
  9175 | Abyss:1  | Killed a thrashing horror
  9207 | Abyss:1  | Noticed a lorocyproca
  9217 | Abyss:1  | Mangled by a lorocyproca

Illustrated notes

Levels and vault maps discovered:
D:1:      saegor_arrival_under_anarchy, layout_loops_corners,
          ebering_ecumenical_altar_webs, serial_shops,
          nicolae_shop_advertising_works [nicolae_subvault_shop_adworks]
D:2:      minmay_wonky_spiral, layout_loops_ring, chequers_big_river
D:3:      layout_basic, grunt_temple_overflow_gold_and_silver, serial_shops,
          shop
D:4:      layout_cave_pools, fedhas_altar_2, minmay_temple_entry_from_below_a,
          hangedman_minor_gate_pass, uniq_ijyb, uniq_duvessa
D:5:      layout_loops_ring, amethyst_killhole, serial_park_tiny_2
D:6:      layout_loops_ring, nicolae_overflow_hidden_temple,
          nicolae_qazlal_general_emergency, serial_shops, shop,
          minmay_fractal_squares_gapless_5, uniq_eustachio, uniq_prince_ribbit1,
          uniq_blork_the_orc
D:7:      hellmonk_warped_wall, layout_gridville, cheibrodos_worm_habitat,
          hangedman_decor_riveting
Temple:   nicolae_temple_no_exploring_needed
Abyss:1:  base: Temple, bh_abyss_xom_lugonu_altar

Skill      XL: |  1  2  3  4  5  6  7  8  9 |
---------------+----------------------------+-----
Maces & Flails | 3 4 5 6 7 8 |  8.5
Fighting       | 4 5 6 7 8 |  8.7
Armour         | 4 5 |  5.5
Shields        | 4 5 |  5.9
Invocations    | 1 |  1.7
Dodging        | 1 |  1.2

Action                   |  1- 3 |  4- 6 |  7- 9 || total
-------------------------+-------+-------+-------++-------
Melee: Flail             |    35 |       |       ||    35
       Mace              |    64 |   141 |   351 ||   556
       Unarmed           |       |     4 |       ||     4
Throw: Throwing net      |       |       |     2 ||     2
Evoke: Wand              |       |     3 |     1 ||     4
  Use: Scroll            |     6 |     1 |    12 ||    19
       Potion            |       |     1 |     8 ||     9
Armor: Scale mail        |    53 |    25 |       ||    78
       Chain mail        |       |    63 |   250 ||   313
       Skin              |       |     1 |     4 ||     5
Dodge: Dodged            |    42 |    55 |   209 ||   306
Block: Buckler           |    17 |     6 |       ||    23
       Kite shield       |       |    34 |   197 ||   231
